 Dungeon Crawl Stone Soup version 0.32-a0-656-g3542139ebd (webtiles) character file.

Game seed: 5250386696594446050

349 backslashecho the Chopper (level 6, -4/49 HPs)
             Began as a Demonspawn Fighter on Mar 9, 2024.
             Slain by Duvessa
             ... wielding a +0 short sword
              (11 damage)
             ... on level 4 of the Dungeon.
             The game lasted 00:05:47 (2667 turns).

backslashecho the Chopper (Demonspawn Fighter)      Turns: 2667, Time: 00:05:48

Health: -4/49      AC:  8    Str: 19    XL:     6   Next: 33%
Magic:  6/6        EV: 14    Int:  8    God:
Gold:   132        SH: 10    Dex: 18    Spells: 5/5 levels left

rFire   . . .        a - +0 war axe
rCold   . . .        c - +0 buckler
rNeg    . . .        b - +0 scale mail
rPois   .            (helmet restricted)
rElec   .            f - +1 cloak
rCorr   .            (no gloves)
SInv    .            (no boots)
Will    .....        k - amulet of reflection Stlth
                     h - +6 ring of dexterity
HPRegen 0.28/turn    d - +5 ring of evasion
MPRegen 0.10/turn

%: reflection
@: no status effects
A: antennae 2, subdued magic 1
a: no special abilities


You were on level 4 of the Dungeon.
You visited 1 branch of the dungeon, and saw 4 of its levels.

You collected 182 gold pieces.
You spent 50 gold pieces at shops.

Inventory:

Hand Weapons
 a - a +0 war axe (weapon)
Armour
 b - a +0 scale mail (worn)
 c - a +0 buckler (worn)
 f - a +1 cloak (worn)
 q - a +0 pair of boots
 s - the +2 pair of boots of Mijaer {*Slow rElec rC- Str+7}
   (You found it on level 3 of the Dungeon)

   Str+7:     It affects your strength (+7).
   rC-:       It makes you vulnerable to cold.
   rElec:     It insulates you from electricity.
   *Slow:     It may slow you when you take damage.
Jewellery
 d - a +5 ring of evasion (right hand)
 h - a +6 ring of dexterity (left hand)
 k - an amulet of reflection (around neck)
Scrolls
 l - a scroll of identify
 o - a scroll of enchant armour


   Skills:
 + Level 4.3 Fighting
 * Level 4.5 Axes
 - Level 2.6 Armour
 + Level 4.0 Shields


You had 5 spell levels left.
You didn't know any spells.
Your spell library contained the following spells:

 Spells                   Type           Power      Damage    Failure   Level
 Slow                     Hex            0%         N/A       83%         1
 Confusing Touch          Hex            0%         N/A       99%         3
 Sigil of Binding         Hex            0%         N/A       99%         3
 Vampiric Draining        Necr           0%         2d6       99%         3


Dungeon Overview and Level Annotations

Branches:
Dungeon (4/15)
 Temple: D:4-7

Altars:
Ashenzari

Shops:
D:1 !

Annotations:
D:4 Duvessa


Innate Abilities, Weirdness & Mutations

You have a pair of antennae on your head.
Your spells are a little easier to cast, but a little less powerful.


Message History

Duvessa hits you with a +0 short sword.
You take 3 damage, and have 44/48 hp.
Found a scroll labelled JATECR NIKAJ.
Health restored: 48 Duvessa attacks as she pursues you!
Duvessa hits you with a +0 short sword! Duvessa hits you with a +0 short sword.
You take 12 damage, and have 36/48 hp.
MASSIVE DAMAGE!!
You're too confused to move!
Duvessa closely misses you.
You regained 5 hp, and now have 41/48 hp.
You bump into the rock wall.
Duvessa hits you but does no damage. Duvessa barely misses you.
You regained 3 hp, and now have 44/48 hp.
You bump into the rock wall.
Duvessa misses you.
Health restored: 48 You feel less invigorated.
You feel less confused.
Dowan generates a fountain of clear water, and laughs cruelly.
Duvessa hits you with a +0 short sword.
You take 4 damage, and have 44/48 hp.
It was a potion of curing.
You feel better. Duvessa misses you.
Dowan casts a spell.
Dowan blinks!
Health restored: 48 You slash Dowan!
Dowan is almost dead.
You hit Duvessa. You block Duvessa's attack. Dowan casts a spell at you.
The puff of frost hits you. Duvessa hits you with a +0 short sword.
You take 9 damage, and have 39/48 hp.
You closely miss Dowan.
Dowan is almost dead.
You hit Duvessa but do no damage. Duvessa hits you but does no damage.
You block Dowan's attack. Duvessa hits you with a +0 short sword.
Dowan points at you and mumbles some strange words.
The puff of flame hits you!
You take 8 damage, and have 31/48 hp.
You closely miss Duvessa.
Duvessa is lightly wounded.
You closely miss Dowan. Duvessa misses you. You block Duvessa's attack.
You block Dowan's attack.
You closely miss Duvessa.
Duvessa is lightly wounded.
You barely miss Dowan. Duvessa misses you. Dowan hits you but does no damage.
Duvessa hits you but does no damage.
You completely miss Duvessa.
Duvessa is lightly wounded.
You closely miss Dowan. Duvessa closely misses you.
Dowan hits you with a +2 dagger of electrocution.
Duvessa gestures with her weapon.
Duvessa completely misses you.
Dowan hits you with a +2 dagger of electrocution.
You take 3 damage, and have 29/48 hp.
You closely miss Duvessa.
Duvessa is lightly wounded.
You hit Dowan.
You kill Dowan!
Duvessa weeps, and shakes her weapon.
Duvessa goes berserk!
Duvessa barely misses you. Duvessa hits you with a +0 short sword!
Your Shields skill increases to level 4!
You take 10 damage, and have 19/49 hp.
MASSIVE DAMAGE!!
You hit Duvessa but do no damage. You block Duvessa's attack.
Duvessa barely misses you.
You aren't carrying any items that you can evoke.
As you read the scroll labelled FOPEPIRCHEOPH, it crumbles to dust.
It is a scroll of identify.
o - a scroll of enchant armour Duvessa is no longer moving quickly.
You block Duvessa's attack. x2
As you read the scroll labelled IWYRCH OFFI, it crumbles to dust.
It is a scroll of amnesia.
You feel forgetful for a moment. Duvessa hits you with a +0 short sword.
You take 3 damage, and have 17/49 hp.
Unknown command.
As you read the scroll labelled YRPHUN MIXEGIPP, it crumbles to dust.
You hear a loud clanging noise!
It was a scroll of noise.
You hear an angry hiss. x2
Duvessa hits you but does no damage. Duvessa barely misses you.
Unknown command.
Unknown command.
Press: ? - help, v - describe, . - travel
Here: Duvessa, wielding a +0 short sword and wearing a +0 ring mail (berserk)
The floor, spattered with blood.
Unknown command.
Unknown command.
Unknown command.
Unknown command.
Found a spear.
Things that are here:
a +2 dagger of electrocution; a +0 robe; the elf corpse of Dowan You block Duvessa's attack.
Duvessa attacks as she pursues you! Duvessa hits you with a +0 short sword!
* * * LOW HITPOINT WARNING * * *
You take 10 damage, and have 8/49 hp.
MASSIVE DAMAGE!!
You hit Duvessa but do no damage. Duvessa hits you with a +0 short sword.
* * * LOW HITPOINT WARNING * * *
You block Duvessa's attack.
You take 1 damage, and have 7/49 hp.
You closely miss Duvessa. Duvessa hits you with a +0 short sword!
You die...

#### ## ##.. .#
#... .#
###..########.#
##.#..[.{r.....<.#
....?..e#######..#
........@.....#..#
##.#.#..####.......
# # #..# .##.###
#..# .. .# #... ..
.# .).. ... ..
........ ## .#.#


You could see Duvessa (berserk).

Vanquished Creatures
  Sigmund (D:3)
  Dowan (D:4)
  Jessica (D:3)
  Robin (D:3)
  3 gnolls (D:2)
  A dart slug (D:1)
  A ribbon worm (D:2)
  2 orcs (D:3)
  6 endoplasms
  5 giant cockroaches
  16 goblins
  9 hobgoblins
  2 jackals (D:1)
  A quokka (D:1)
  6 ball pythons
  3 bats
  2 frilled lizards
  3 kobolds
  6 rats
70 creatures vanquished.

Notes
Turn   | Place    | Note
-------+----------+-------------------------------------------
     0 | D:1      | backslashecho the Demonspawn Fighter began the quest for
                  | the Orb.
     0 | D:1      | Reached XP level 1. HP: 18/18 MP: 1/1
   225 | D:1      | Gained mutation: You have a pair of small antennae on your
                  | head. [demonic ancestry]
   225 | D:1      | Reached XP level 2. HP: 24/24 MP: 2/2
   523 | D:1      | Found Facipp's Distillery.
   532 | D:1      | Bought a potion of heal wounds for 50 gold pieces
   714 | D:1      | Reached XP level 3. HP: 27/29 MP: 3/3
  1146 | D:2      | Found a broken altar of Ashenzari.
  1298 | D:2      | Reached XP level 4. HP: 27/35 MP: 4/4
  1334 | D:2      | Identified the +0 robe of the Pits of Slime {rElec rPois
                  | Will- Str+2}
  1743 | D:3      | Noticed Robin
  1860 | D:3      | Noticed Jessica
  1872 | D:3      | Killed Jessica
  1957 | D:3      | Noticed Sigmund
  1979 | D:3      | Killed Robin
  1983 | D:3      | Killed Sigmund
  1984 | D:3      | Reached XP level 5. HP: 31/42 MP: 5/5
  1984 | D:3      | Gained mutation: You have a pair of antennae on your head.
                  | [demonic ancestry]
  1984 | D:3      | Reached XP level 6. HP: 35/48 MP: 6/6
  2231 | D:3      | Identified the +2 pair of boots of Mijaer {*Slow rElec rC-
                  | Str+7}
  2627 | D:4      | Noticed Duvessa
  2627 | D:4      | Noticed Dowan
  2640 | D:4      | Gained mutation: Your spells are a little easier to cast,
                  | but a little less powerful. [potion of mutation]
  2658 | D:4      | Killed Dowan
  2667 | D:4      | Slain by Duvessa

Illustrated notes

Levels and vault maps discovered:
D:1:      beargit_arrival_greenhouse, layout_basic, serial_shops, shop
D:2:      layout_loops_ring, basic_altar, chequers_arboretum,
          minmay_misc_feat_enclosed
D:3:      layout_basic, minmay_hedge_maze, uniq_jessica, uniq_robin,
          uniq_sigmund
D:4:      layout_loops_ring, mainiacjoe_overflow_chevrons,
          lemuel_mausoleum_altar_yredelemnul, uniq_duvessa

Skill      XL: |  1  2  3  4  5  6 |
---------------+-------------------+-----
Axes           | 2 3 4 |  4.5
Shields        | 3 4 |  4.0
Fighting       | 4 |  4.3
Armour         | |  2.6

Action                     |  1- 3 |  4- 6 || total
---------------------------+-------+-------++-------
  Melee: War axe           |   107 |    82 ||   189
    Use: Potion            |       |     9 ||     9
         Scroll            |       |     3 ||     3
 Armour: Scale mail        |    71 |    70 ||   141
  Dodge: Dodged            |    43 |    41 ||    84
  Block: Buckler           |    36 |    54 ||    90
         Reflection        |       |     2 ||     2

Table legend: (Time is in decaauts)
 A = Elapsed time spent in this place.
 B = Non-inter-level travel time spent in this place.
 C = Inter-level travel time spent in this place.
 D = Time resting spent in this place.
 E = Time spent auto-exploring this place.
 F = Levels seen in this place.
 G = Mean time per level.
                   A        B        C        D        E       F      G
               +--------+--------+--------+--------+--------+-----+--------+
         Total |   2739 |   2361 |    378 |      0 |   1612 |   4 |  684.8 |
       Dungeon |   2739 |   2361 |    378 |      0 |   1612 |   4 |  684.8 |
               +--------+--------+--------+--------+--------+-----+--------+

Top non-repeatable levels by time:
     D:1: 1037 daAuts
     D:3: 851 daAuts
     D:2: 805 daAuts
     D:4: 45 daAuts
